 Dungeon Crawl Stone Soup version 0.31-a0-986-g5e6e4ef867 (webtiles) character file.

Game seed: 8923011480252869980

7392 promet the Fighter (level 11, -1/60 HPs)
             Began as a Vine Stalker Fighter on Nov 3, 2023.
             Was a Follower of Ru.
             Slain by a hellwing (6 damage)
             ... summoned by a kobold demonologist
             ... on level 9 of the Dungeon on Nov 4, 2023.
             The game lasted 01:13:18 (11416 turns).

promet the Fighter (Vine Stalker Fighter)          Turns: 11416, Time: 01:13:23

Health: -1/60      AC: -9    Str: 17    XL:     11   Next: 14%
Magic:  0/21       EV: 10    Int: 12    God:    Ru [*.....]
Gold:   528        SH:  0    Dex: 27    Spells: 10/10 levels left

rFire   . . .        a - +8 dagger (speed)
rCold   . . .        (no shield)
rNeg    . . .        E - +0 chain mail
rPois   .            q - +1 helmet
rElec   .            D - +1 cloak
rCorr   .            (no gloves)
SInv    .            (no boots)
Will    ++...        (no amulet)
Stlth   ++           s - ring "Ixtoxod" {Will+ MP+9 Int+3 Dex+6 Stlth+}
HPRegen 1.10/turn    k - +4 ring of protection
MPRegen 0.17/turn

%: guardian spirit
@: corroded, invisible
A: fangs 3, regeneration 1, magic shield, antimagic bite, no potion heal 2,
reduced AC 1, agile 1
a: Renounce Religion, Sacrifice Drink, Sacrifice Stealth, Sacrifice a Hand,
Reject Sacrifices


You were on level 9 of the Dungeon.
You worshipped Ru.
Ru was aware of your devotion.
You visited 2 branches of the dungeon, and saw 10 of its levels.

You collected 528 gold pieces.

Inventory:

Hand Weapons
 a - a +8 dagger of speed (weapon)
 b - a +0 arbalest
 c - a +2 dagger of draining
 d - a +1 war axe of electrocution
 j - a +4 flail
 m - a +3 spear
 n - a +2 vampiric short sword
 o - a +2 dagger of venom
 v - a +0 rapier of freezing
 w - a +5 dagger
Missiles
 h - 118 stones
 l - 21 poisoned darts (quivered)
Armour
 q - a +1 helmet (worn)
 y - a +0 buckler
 D - a +1 cloak (worn)
 E - a +0 chain mail (worn)
Jewellery
 i - a ring of positive energy
 k - a +4 ring of protection (right hand)
 r - a ring of ice
 s - the ring "Ixtoxod" (left hand) {Will+ MP+9 Int+3 Dex+6 Stlth+}
   (You found it on level 3 of the Dungeon)

   [ring of dexterity]

   Int+3:     It affects your intelligence (+3).
   Dex+6:     It affects your dexterity (+6).
   Will+:     It increases your willpower.
   MP+9:      It affects your magic capacity (+9).
   Stlth+:    It makes you more stealthy.
 u - an amulet of the acrobat
Wands
 A - a wand of roots (21)
Scrolls
 p - 3 scrolls of revelation
 x - a scroll of poison
 F - a scroll of immolation
Potions
 e - 2 potions of brilliance
 g - 3 potions of curing
 t - a potion of enlightenment
 z - a potion of ambrosia
 B - a potion of might


   Skills:
 * Level 8.4 Fighting
 + Level 6.1 Short Blades
 + Level 7.4 Ranged Weapons
 + Level 1.1 Throwing
 * Level 6.7 Armour
 + Level 2.9 Dodging
 + Level 3.8 Stealth
 + Level 3.7 Shields
 + Level 2.5 Evocations


You had 10 spell levels left.
You didn't know any spells.
Your spell library was empty.

Dungeon Overview and Level Annotations

Branches:
Dungeon (9/15)             Temple (1/1) D:5            Lair (0/5) D:8
    Orc: D:9-12

Altars:
Ashenzari
Dithmenos
Elyvilon
Fedhas
Gozag
Hepliaklqana
Kikubaaqudgha
Nemelex Xobeh
Okawaru
Qazlal
Ru
Sif Muna
Trog
Uskayaw
Vehumet
Wu Jian
Xom
Yredelemnul
The Shining One

Annotations:
D:9 exclusion: obsidian statue


Innate Abilities, Weirdness & Mutations

You have razor-sharp teeth.
Your natural rate of healing is unusually fast.
When hurt, damage is shared between your health and your magic reserves.
Your bite disrupts and absorbs the magic of your enemies.
Potions cannot restore your health.
You take slightly more damage. (AC -5)
You are agile. (Dex +4, Str/Int -1)


Message History

Press: ? - help, Shift-Dir - straight line, f/p - rust devil
Aim: a rust devil (summoned)
The roots erupt in riotous growth!
Roots grab the rust devil.
Roots grab the kobold demonologist.
The grasping roots constrict the kobold demonologist.
The grasping roots constrict the rust devil.
The rust devil struggles to escape constriction.
The kobold demonologist struggles to escape constriction.
The grasping roots constrict the kobold demonologist.
The grasping roots constrict the rust devil.
The rust devil escapes!
The kobold demonologist struggles to escape constriction.
The grasping roots constrict the kobold demonologist!
The roots release their grip on the kobold demonologist.
The rust devil disappears in a puff of smoke!
Throw: 22 darts (poison)
Press: ? - help, Q - select action, (/) - cycle Shift-Dir - straight line, f - kobold demonologist
Aim: a kobold demonologist, wielding a +0 dagger and wearing a +0 robe (almost dead, 58% to hit)
You throw a poisoned dart.
The poisoned dart barely misses the kobold demonologist.
The poisoned dart hits the neqoxec.
The kobold demonologist mumbles some strange words.
The kobold demonologist casts a spell.
The neqoxec disappears in a puff of smoke!
The hellwing swoops through the air toward you!
The hellwing hits you. The hellwing completely misses you.
The kobold demonologist gestures wildly while chanting.
The hellwing completely misses you. x2
The hellwing hits you. The hellwing hits you! The sixfirhy hits you!
The sixfirhy shocks you!
* * * LOW HITPOINT WARNING * * *
Okay, then.
You fade into invisibility!
The sixfirhy completely misses you. The sixfirhy barely misses you.
The sixfirhy hits you.
* * * LOW HITPOINT WARNING * * *
The sixfirhy shocks you!
* * * LOW HITPOINT WARNING * * *
The hellwing misses you. The hellwing hits you!
You die...

.........##............# #
....###........#######.# #
.....###.###.### #.....##########
.....# #.###'## #.............##
...#.###.##...## #..♣♣♣...♣♣♣....
#........#.....###.♣# #♣.♣# #♣.##
#.........?.....##.♣ ♣.♣ ♣.##
#....##.)........#.♣# #♣.♣# #♣...
..........5.K..3@'..♣♣♣.♣.♣♣♣....
#...###§.......4.#.....♣♣♣...).).
#...# #.#........#..♣♣♣.♣.♣♣♣....
#.#.###.##.....#.#.♣# #♣.♣# #♣...
#...K.K.###...##.#.♣ ♣.♣ ♣.##
###3##### ##'###...♣# #♣.♣# #♣.#
#...###### #.# ###..♣♣♣...♣♣♣..#
#3#K.....###.# #.............#
#............# #####..########


You could see a hellwing (summoned, unable to see you), a kobold demonologist
(unable to see you), a sixfirhy (summoned, unable to see you) and a white imp
(summoned, unable to see you).

Vanquished Creatures
  Maurice (D:9)
  A kobold demonologist (D:7)
  A troll (D:9)
  10 yaks
  A wyvern (D:7)
  2 steam dragons (D:8)
  An acid dragon (D:8)
  Duvessa (D:7)
  3 wargs (D:8)
  2 water moccasins (D:6)
  5 sky beasts (D:8)
  4 black bears
  4 orc warriors
  An ice beast (D:7)
  6 centaurs
  A phantom (D:5)
  A bullfrog (D:8)
  3 kobold brigands
  A gnoll sergeant (D:8)
  2 scorpions (D:5)
  11 wights
  Dowan (D:7)
  3 killer bees (D:8)
  A howler monkey (D:6)
  5 hounds
  5 orc priests
  3 jellies
  2 sleepcaps (D:6)
  3 iguanas
  9 orc wizards
  4 gnolls (D:8)
  8 adders
  A shadow imp (D:5)
  3 white imps
  2 ufetubi (D:5)
  3 worms
  5 dart slugs
  21 orcs
  2 ball pythons (D:2)
  8 bats
  6 endoplasms
  4 giant cockroaches
  3 hobgoblins
  4 jackals (D:2)
  23 kobolds
  4 quokkas
  4 frilled lizards
  11 goblins
  2 rats (D:1)
212 creatures vanquished.

Notes
Turn   | Place    | Note
-------+----------+-------------------------------------------
     0 | D:1      | promet the Vine Stalker Fighter began the quest for the
                  | Orb.
     0 | D:1      | Reached XP level 1. HP: 11/11 MP: 2/2
   133 | D:1      | Reached XP level 2. HP: 16/16 MP: 3/3
   339 | D:1      | Reached skill level 3 in Fighting
  1116 | D:2      | Reached XP level 3. HP: 20/20 MP: 4/4
  1280 | D:2      | Reached XP level 4. HP: 22/24 MP: 5/5
  1528 | D:2      | Found a faded altar of an unknown god.
  1817 | D:3      | Identified the ring "Ixtoxod" {Will+ MP+9 Int+3 Dex+6
                  | Stlth+}
  2306 | D:3      | Reached XP level 5. HP: 27/28 MP: 6/6
  2745 | D:4      | Reached skill level 1 in Stealth
  2745 | D:4      | Reached XP level 6. HP: 30/33 MP: 7/7
  2930 | D:4      | Reached skill level 1 in Dodging
  2935 | D:4      | Reached skill level 4 in Fighting
  3300 | D:4      | Reached XP level 7. HP: 36/37 MP: 8/8
  3711 | D:5      | Entered Level 5 of the Dungeon
  3744 | D:5      | Found a glowing golden altar of the Shining One.
  3850 | D:5      | Found a staircase to the Ecumenical Temple.
  3910 | Temple   | Entered the Ecumenical Temple
  3910 | Temple   | Noticed a blizzard demon
  3910 | Temple   | Noticed a rust devil
  3910 | Temple   | Noticed an Executioner
  3911 | Temple   | Noticed Juykkin the pandemonium lord
  3911 | Temple   | Noticed Esalikir the pandemonium lord
  3912 | Temple   | Noticed a soul eater
  3914 | Temple   | Noticed a shadow demon
  3917 | Temple   | Noticed Zesuf the pandemonium lord
  3918 | Temple   | Noticed a hellion
  3946 | Temple   | Noticed Olieg the pandemonium lord
  3947 | Temple   | Noticed a rust devil
  3952 | Temple   | Became a worshipper of Ru the Awakened
  3970 | Temple   | Noticed Dawk the pandemonium lord
  4283 | D:5      | Gained mutation: You have razor-sharp teeth. [Vine Stalker
                  | growth]
  4283 | D:5      | Reached XP level 8. HP: 36/42 MP: 9/9
  4351 | D:5      | Found a basalt altar of Yredelemnul.
  4379 | D:5      | Found an ancient bone altar of Kikubaaqudgha.
  4929 | D:6      | Reached skill level 5 in Fighting
  5170 | D:6      | Gained mutation: You take slightly more damage. (AC -5) [Ru
                  | sacrifice]
  5170 | D:6      | Reached * piety under Ru
  5322 | D:6      | Reached skill level 5 in Short Blades
  5322 | D:6      | Reached skill level 1 in Throwing
  5359 | D:6      | Identified the +0 leather armour of Zoeff {Int+3}
  5365 | D:6      | Reached skill level 1 in Ranged Weapons
  5365 | D:6      | Reached skill level 5 in Armour
  5747 | D:6      | Reached XP level 9. HP: 48/48 MP: 10/10
  5749 | D:6      | Reached skill level 6 in Fighting
  5959 | D:6      | Gained mutation: You are agile. (Dex +4, Str/Int -1)
                  | [potion of mutation]
  7183 | D:7      | Noticed Dowan
  7184 | D:7      | Noticed Duvessa
  7191 | D:7      | Killed Duvessa
  7192 | D:7      | Killed Dowan
  7432 | D:7      | Reached skill level 5 in Ranged Weapons
  7449 | D:7      | Reached skill level 7 in Fighting
  7449 | D:7      | Reached XP level 10. HP: 51/55 MP: 11/11
  7784 | D:7      | Found a hazy altar of Hepliaklqana.
  7789 | D:7      | Found a broken altar of Ashenzari.
  8531 | D:8      | Found a staircase to the Lair.
  9095 | D:8      | Reached skill level 8 in Fighting
  9645 | D:8      | Noticed a kobold demonologist
  9670 | D:8      | Reached skill level 1 in Evocations
  9673 | D:8      | Noticed a soul eater
  9848 | D:8      | Noticed an orange demon
  9856 | D:7      | Killed a kobold demonologist
 10177 | D:8      | Reached XP level 11. HP: 60/60 MP: 12/12
 10739 | D:9      | Noticed Maurice
 10752 | D:9      | Maurice stole a +2 mace of freezing
 10757 | D:9      | Killed Maurice
 10900 | D:9      | Noticed an obsidian statue
 11138 | D:9      | Found a blossoming altar of Fedhas.
 11365 | D:9      | Found an iron altar of Okawaru.
 11415 | D:9      | Noticed a sixfirhy
 11416 | D:9      | Slain by a hellwing

Illustrated notes

Levels and vault maps discovered:
D:1:      roadster_arrival_rocket_large, layout_basic, minmay_statues_item,
          feat_on_display
D:2:      layout_basic, chequers_ecumenical_altar_twisty
D:3:      layout_basic
D:4:      layout_loops_cross, chequers_garden
D:5:      nicolae_cairo_tiling_large, layout_gridville,
          yredelemnul_altar_generic, amcnicky_altar_gilded,
          mainiacjoe_overflow_brackets, minmay_temple_entry_statues_fountains
D:6:      nicolae_whirlpool, layout_gridville, hangedman_decor_growths
D:7:      layout_basic, mainiacjoe_overflow_big_doors, uniq_duvessa
D:8:      nicolae_BIG_FREAKIN_CUBE, layout_cave_pods, erik_lair_orcish_takeover,
          minivault_23, hangedman_misty_isle
D:9:      layout_loops_corners, okawaru_gym_becter, marbit_many_paths,
          bloody_makhleb, minivault_15, minmay_stone_trees_medium, uniq_maurice
Temple:   nicolae_temple_panitentiary

Skill      XL: |  1  2  3  4  5  6  7  8  9 10 |
---------------+-------------------------------+-----
Fighting       | 3 4 5 7 8 |  8.4
Shields        | 3 |  3.7
Short Blades   | 2 3 4 5 6 |  6.1
Armour         | 3 4 5 6 |  6.7
Stealth        | 1 2 3 |  3.8
Dodging        | 1 2 |  2.9
Throwing       | 1 |  1.1
Ranged Weapons | 2 5 7 |  7.4
Evocations     | 2 |  2.5

Action                     |  1- 3 |  4- 6 |  7- 9 | 10-12 || total
---------------------------+-------+-------+-------+-------++-------
  Melee: Rapier            |    69 |    49 |       |       ||   118
         Bite              |    12 |    38 |    60 |    83 ||   193
         Dagger            |       |    77 |   170 |   206 ||   453
         Punch             |       |       |       |     7 ||     7
   Fire: Arbalest          |       |       |    90 |   130 ||   220
  Throw: Dart              |       |     4 |     3 |     3 ||    10
         Stone             |       |       |     1 |       ||     1
 Invoke: Sacrifice Health  |       |       |     1 |       ||     1
  Evoke: Wand              |       |       |     1 |     8 ||     9
    Use: Scroll            |     4 |     7 |     7 |     5 ||    23
         Potion            |       |     1 |     9 |     2 ||    12
   Stab: Sleeping          |       |     2 |     1 |     1 ||     4
         Invisible         |       |       |     2 |       ||     2
 Armour: Scale mail        |    50 |    49 |    90 |    27 ||   216
         Chain mail        |       |       |       |   160 ||   160
  Dodge: Dodged            |    38 |    30 |    78 |    81 ||   227
  Block: Buckler           |    14 |    23 |    15 |       ||    52

Table legend: (Time is in decaauts)
 A = Elapsed time spent in this place.
 B = Non-inter-level travel time spent in this place.
 C = Inter-level travel time spent in this place.
 D = Time resting spent in this place.
 E = Time spent auto-exploring this place.
 F = Levels seen in this place.
 G = Mean time per level.
                   A        B        C        D        E       F      G
               +--------+--------+--------+--------+--------+-----+--------+
         Total |  11365 |  11122 |    243 |   2464 |   3030 |  10 | 1136.5 |
       Dungeon |  11302 |  11059 |    243 |   2464 |   3030 |   9 | 1255.8 |
        Temple |     62 |     62 |      0 |      0 |      0 |   1 |   62.0 |
               +--------+--------+--------+--------+--------+-----+--------+

Top non-repeatable levels by time:
     D:8: 2191 daAuts
     D:7: 1908 daAuts
     D:6: 1679 daAuts
     D:1: 1039 daAuts
     D:5: 1026 daAuts
     D:3: 950 daAuts
     D:4: 919 daAuts
     D:9: 807 daAuts
     D:2: 780 daAuts
  Temple: 62 daAuts
